 Dungeon Crawl Stone Soup version 0.30.0-15-g856e2d3f33 (webtiles) character file.

Game seed: 8935606181012337101

23 hito the Chopper (level 3, 0/33 HPs)
             Began as a Hill Orc Monk on May 18, 2023.
             Slain by a goblin
             ... wielding a +0 club
             ... led by Robin
              (5 damage)
             ... on level 2 of the Dungeon.
             The game lasted 00:01:12 (604 turns).

hito the Chopper (Hill Orc Monk)                     Turns: 604, Time: 00:01:12

Health: 0/33       AC:  2    Str: 15    XL:     3   Next: 0%
Magic:  3/3        EV: 12    Int: 10    God:
Gold:   48         SH:  0    Dex: 13    Spells: 2/2 levels left

rFire   + . .        a - +0 hand axe
rCold   . . .        d - orb {light}
rNeg    . . .        b - +0 robe
rPois   .            (no helmet)
rElec   .            (no cloak)
rCorr   .            (no gloves)
SInv    .            (no boots)
Will    .....        (no amulet)
Stlth   +            k - ring of protection from fire
HPRegen 0.25/turn    (no ring)
MPRegen 0.08/turn

%: no passive effects
@: glowing
A: no striking features
a: no special abilities


You were on level 2 of the Dungeon.
You visited 1 branch of the dungeon, and saw 2 of its levels.

You collected 48 gold pieces.

Inventory:

Hand Weapons
 a - a +0 hand axe (weapon)
Missiles
 h - 9 boomerangs (quivered)
Armour
 b - a +0 robe (worn)
 d - an orb of light (worn)
 f - a +0 tower shield
Jewellery
 k - a ring of protection from fire (left hand)
 p - a ring of wizardry
Scrolls
 e - a scroll of brand weapon {unknown}
 g - a scroll of fear {unknown}
 i - a scroll of immolation {unknown}
 l - 2 scrolls of amnesia {unknown}
 m - 3 scrolls of identify {unknown}
Potions
 c - a potion of ambrosia
 j - a potion of haste {unknown}
 n - a potion of curing {unknown}
 o - 3 potions of heal wounds {unknown}


   Skills:
 - Level 4.0 Fighting
 + Level 5.1 Axes
 - Level 2.4 Dodging


You had 2 spell levels left.
You didn't know any spells.
Your spell library was empty.

Dungeon Overview and Level Annotations

Branches:
Dungeon (2/15)

Altars:

Annotations:
D:2 Robin


Message History

Robin roars a battlecry!
The goblins go into a battle-frenzy!
The hobgoblin hits you.
You hear a shout! x3
You barely miss the hobgoblin. Robin throws the goblin at you!
A goblin comes into view. It is wielding a +0 dagger.
The hobgoblin barely misses you.
The goblin shouts!
You hit the bat but do no damage. You hit the hobgoblin.
The bat barely misses you. The hobgoblin hits you.
You slash the goblin!
You kill the goblin!
You hit the hobgoblin.
You kill the hobgoblin!
Robin throws the goblin at you! The goblin hits you with a dagger.
* * * LOW HITPOINT WARNING * * *
Unknown command.
You hit the goblin.
You kill the goblin!
You closely miss the goblin.
Robin hits you from afar with a +0 spear.
* * * LOW HITPOINT WARNING * * *
The goblin barely misses you.
You have reached level 3!
Your experience leads to an increase in your attributes!
Increase (S)trength, (I)ntelligence, or (D)exterity?
You feel stronger. x2
Unknown command.
Okay, then.
The goblin attacks as you move away! The goblin hits you with a +0 dagger.
* * * LOW HITPOINT WARNING * * *
3 goblins come into view.
The goblin shouts! x3
Robin throws the goblin at you!
* * * LOW HITPOINT WARNING * * *
The goblin closely misses you.
Items here: ))) ††.
You hit Robin but do no damage. You hit the goblin.
The goblin hits you with a +0 club.
You die...

.. ..>.# #. #...#
#. #...# #g #...#
#. #...# #g #...#
#g###...# ..
#.@ggb..# ....
#####...#
....####### #..##
#........# #..#
#........# #..#
#......).# #..#
#........######..#
#........'.......#
#........#######.#


You could see Robin, 4 goblins and a bat.

Vanquished Creatures
  A ball python (D:2)
  4 endoplasms (D:1)
  A giant cockroach (D:2)
  7 goblins
  2 hobgoblins
  A quokka (D:2)
  A frilled lizard (D:1)
  A rat (D:1)
18 creatures vanquished.

Notes
Turn   | Place    | Note
-------+----------+-------------------------------------------
     0 | D:1      | hito the Hill Orc Monk began the quest for the Orb.
     0 | D:1      | Reached XP level 1. HP: 19/19 MP: 1/1
   229 | D:1      | Reached XP level 2. HP: 27/27 MP: 2/2
   591 | D:2      | Noticed Robin
   597 | D:2      | Reached skill level 5 in Axes
   603 | D:2      | Reached XP level 3. HP: 9/33 MP: 3/3
   604 | D:2      | Slain by a goblin

Illustrated notes

Levels and vault maps discovered:
D:1:      minmay_arrival_radiant_lines, layout_rooms
D:2:      layout_basic, uniq_sigmund, uniq_jessica, uniq_robin

Skill      XL: |  1  2 |
---------------+-------+-----
Fighting       | 4 |  4.0
Axes           | 5 |  5.1
Dodging        | |  2.4

Action                     || total
---------------------------++-------
  Melee: Hand axe          ||    40
 Armour: Robe              ||     4
  Dodge: Dodged            ||    20
